 Dungeon Crawl Stone Soup version 0.30-a0-172-gc5509c9e31 (webtiles) character file.

Game seed: 15826530322622001256

53617 tbh1313 the Executioner (level 14, -5/121 HPs)
             Began as a Minotaur Berserker on Oct 1, 2022.
             Was a High Priest of Trog.
             Slain by a balrug
             ... wielding a +2 antimagic demon whip
              (19 damage)
             ... on level 1 of the Abyss.
             The game lasted 00:33:22 (15710 turns).

tbh1313 the Executioner (Minotaur Berserker)       Turns: 15710, Time: 00:33:22

Health: -5/121     AC: 21    Str: 18    XL:     14   Next: 31%
Magic:  3/3        EV: 10    Int:  8    God:    Trog [*****.]
Gold:   753        SH:  5    Dex: 16    Spells: 13/13 levels left

rFire   . . .      SeeInvis +    a - +13 executioner's axe "Ruudodem" {antimagic, rPois rN+++ Dex+5 Stlth-}
rCold   . . .      Faith    .    (shield currently unavailable)
rNeg    + + +      Spirit   .    c - +0 pearl dragon scales
rPois   +          Reflect  +    (helmet restricted)
rElec   .          Harm     .    j - +0 cloak
rCorr   +          Rampage  .    G - +1 pair of gloves
Will    +++..                    Y - +2 pair of boots
Stlth   ..........               t - amulet of reflection
HPRegen 1.00/turn                n - ring of see invisible
MPRegen 0.08/turn                C - ring of resist corrosion

@: strong-willed, sick, regenerating
A: horns 2, retaliatory headbutt, [low MP 1], [screaming 2], [weak 2], [subdued
magic 1]
a: Renounce Religion, Berserk, Trog's Hand, Brothers in Arms


You were on level 1 of the Abyss.
You worshipped Trog.
Trog was extremely pleased with you.
You visited 3 branches of the dungeon, and saw 17 of its levels.
You visited the Abyss 1 time.

You collected 1312 gold pieces.
You spent 559 gold pieces at shops.

Inventory:

Hand Weapons
 a - the +13 executioner's axe "Ruudodem" (weapon) {antimagic, rPois rN+++ Dex+5 Stlth-}
   (Trog gifted it to you on level 11 of the Dungeon)

   It reduces the magical energy of the wielder, and disrupts the spells and
   magical abilities of those it strikes.
   Natural abilities and divine invocations are not affected.
   Dex:       It affects your dexterity (+5).
   rPois:     It protects you from poison.
   rN:        It renders you almost immune to negative energy.
   Stlth:     It makes you less stealthy.
 b - a +2 shortbow of flaming
 A - a +2 war axe of protection
 B - the +11 battleaxe of Extermination {antimagic, rPois rN+ Dex+5}
   (Trog gifted it to you on level 1 of the Abyss)

   It reduces the magical energy of the wielder, and disrupts the spells and
   magical abilities of those it strikes.
   Natural abilities and divine invocations are not affected.
   Dex:       It affects your dexterity (+5).
   rPois:     It protects you from poison.
   rN:        It protects you from negative energy.
Missiles
 s - 27 poisoned darts
 U - 3 throwing nets (quivered)
 X - 4 silver javelins
Armour
 c - +0 pearl dragon scales (worn)
 j - a +0 cloak (worn)
 G - a +1 pair of gloves (worn)
 Y - a +2 pair of boots (worn)
Jewellery
 h - a ring of ice
 i - a +4 ring of protection
 n - a ring of see invisible (left hand)
 t - an amulet of reflection (around neck)
 C - a ring of resist corrosion (right hand)
 W - a +6 ring of strength
Wands
 o - a wand of polymorph (9)
 F - a wand of charming (22)
 H - a wand of iceblast (12)
 J - a wand of flame (35)
 S - a wand of digging (6)
Scrolls
 e - 2 scrolls of noise
 f - 3 scrolls of vulnerability
 l - 2 scrolls of acquirement {unknown}
 m - 4 scrolls of teleportation
 r - a scroll of amnesia
 u - a scroll of torment {unknown}
 v - 2 scrolls of immolation
 w - a scroll of poison {unknown}
 y - 3 scrolls of brand weapon
 E - a scroll of identify
 K - a scroll of summoning {unknown}
 M - a scroll of magic mapping {unknown}
 R - 2 scrolls of enchant weapon {unknown}
 T - 2 scrolls of silence
 Z - a scroll of fear {unknown}
Potions
 d - 3 potions of might
 g - 4 potions of cancellation
 k - 3 potions of mutation
 p - a potion of brilliance
 q - 3 potions of invisibility
 x - 6 potions of curing
 z - 6 potions of degeneration
 D - a potion of flight {unknown}
 I - 3 potions of attraction
 L - 3 potions of ambrosia
 N - a potion of haste
 O - 4 potions of lignification
 P - 3 potions of berserk rage
 Q - a potion of magic
Miscellaneous
 V - a phantom mirror


   Skills:
 - Level 10.0 Fighting
 + Level 23.7 Axes
 - Level 8.3 Ranged Weapons
 - Level 6.0 Throwing
 - Level 10.0 Armour
 - Level 2.7 Dodging


You had 13 spell levels left.
You didn't know any spells.
Your spell library contained the following spells:

 Spells                   Type           Power      Damage    Failure   Level
 Ensorcelled Hibernation  Hex/Ice        0%         N/A       89%         2
 Passwall                 Tmut/Erth      0%         N/A       89%         2
 Swiftness                Air            0%         N/A       98%         3


Dungeon Overview and Level Annotations

Branches:
Dungeon (15/15)            Temple (0/1) D:4            Lair (1/5) D:9
    Orc (1/2) D:11         Vaults (0/5) D:14
 Depths: D:15

Altars:
Ashenzari
Dithmenos
Gozag
Hepliaklqana
Kikubaaqudgha
Makhleb
Nemelex Xobeh
Okawaru
Qazlal
Ru
Trog
Vehumet
Xom

Shops:
D:7 !   D:9 (   D:12 [   Orc:1 :

Annotations:
D:8 exclusion: hydra
Lair:1 Sonja
Orc:1 2 transporters, Faerphill's ghost, journeyman DgCj


Innate Abilities, Weirdness & Mutations

You have a pair of horns on your head.
You reflexively headbutt those who attack you in melee.
[Your magical capacity is low. (-10% MP)]
[You frequently scream uncontrollably at your foes.]
[You are very weak. (Str -4)]
[Your spells are a little easier to cast, but a little less powerful.]


Message History

Trog accepts your kill.
You feel the corruption within you wane somewhat.
Your connection to magic feels less subdued.
You closely miss the ynoxinul. You slice the sun demon!!
You slash the ynoxinul!
The ynoxinul's magic leaks into the air.
Your headbutt misses the ynoxinul.
The ynoxinul is heavily wounded.
You barely miss the sun demon. The sun demon misses you.
The ynoxinul hits you but does no damage.
You slice the ynoxinul!!
You kill the ynoxinul!
Trog accepts your kill.
You hit the sun demon. The sun demon hits you.
You are engulfed in flames!!
* * * LOW HITPOINT WARNING * * *
You slash the sun demon! You headbutt the sun demon.
The sun demon is heavily wounded.
You slice the crimson imp!!
You kill the crimson imp!
Trog accepts your kill.
The substance of the Abyss twists violently, and a gateway leading out appears!
The sun demon hits you but does no damage.
You slice the sun demon!!
You kill the sun demon!
Trog accepts your kill.
You feel the corruption within you wane somewhat.
You feel more energetic.
Your body's shape seems more normal.
The small abomination hits you but does no damage.
A golden eye comes into view.
The golden eye turns its gaze towards you.
You carve the small abomination like a ham!!!
You destroy the small abomination!
Trog accepts your kill.
A balrug comes into view.
It is wielding a +2 antimagic demon whip.
The golden eye blinks at you. You resist with almost no effort.
The balrug hits you with a +2 antimagic demon whip!
* * * LOW HITPOINT WARNING * * *
You are engulfed in flames!!
You die...

#. # .. . ~
# # #. #~#
. ## #≈##
.. # #
#.##..#
.#.# ..
#.2#.###..#
.
.#@#...###
# ##......#
... .
##..#.#..#
.# ##.#...
# ..#...#
.....## #
##G##.#
.##. ..# .
.#.#.


You could see a balrug.

Levels and vault maps discovered:
D:1:      amcnicky_arrival_gap_in_the_tavern_cellar, layout_basic,
          serial_bayou_pond_d
D:2:      layout_loops_cross, uniq_terence
D:3:      layout_loops_cross, nemelex_spade_bored_becter,
          okawaru_ov_weapons_minmay
D:4:      layout_rooms, nicolae_vehumet_radiance, temple_doors_e,
          nicolae_elevator_lobby_plus
D:5:      layout_cave_pools, mainiacjoe_overflow_boulevard,
          kennysheep_generic_room_13
D:6:      layout_loops_ring, nicolae_overflow_two_pavilions,
          nicolae_ashenzari_panopticon, serial_glass, glass_columns_a,
          glass_columns_a, minmay_misc_feat_chi
D:7:      layout_cave_pools, grunt_gozag_breadcrumbs, trog_antimagical,
          serial_shops, kennysheep_mini, minmay_misc_feat_enclosed,
          minivault_27, minmay_fractal_squares_5
D:8:      minmay_diamond_stairs, layout_gridville, mainiacjoe_overflow_alcove_1,
          mainiacjoe_overflow_concentric_impassable, uniq_grum
D:9:      layout_irregular_city, dpeg_lair_monsters, serial_shops, shop_statue,
          nicolae_figureground_sparkle
D:10:     layout_basic, nicolae_dithmenos_through_a_glass_darkly,
          mainiacjoe_overflow_alcove_2
D:11:     layout_stronghold, zombieorc1_lemuel, serial_ice, serial_ice_c,
          serial_ice_e, serial_ice_a, serial_ice_f, serial_ice_k, serial_ice_b,
          serial_ice_n, serial_ice_o
D:12:     layout_loops_ring, serial_shops, shop_fountains
D:13:     layout_loops_cross
D:14:     layout_basic, david_vaults_4, lemuel_coloured_pillars_altar,
          uniq_nessos
D:15:     hangedman_depths_entry_civil_slaughter, layout_loops_cross,
          kiku_gazebo_pond_becter, serial_shops, shop, serial_park_tiny_1,
          nicolae_uskayaw_en_pointe
Lair:1:   layout_roguey, infiniplex_staircase_pool_2, uniq_sonja
Orc:1:    layout_caves, gammafunk_ghost_wrathful_warriors,
          nicolae_shop_vocational
Abyss:1:  base: Temple, spicy_abyss_unhelpful_harpoons

Notes
Turn   | Place    | Note
-------+----------+-------------------------------------------
     0 | D:1      | tbh1313 the Minotaur Berserker began the quest for the Orb.
     0 | D:1      | Reached XP level 1. HP: 19/19 MP: 0/0
   121 | D:1      | Reached skill level 4 in Axes
   159 | D:1      | Reached XP level 2. HP: 26/26 MP: 1/1
   582 | D:2      | Reached skill level 5 in Axes
   582 | D:2      | Reached XP level 3. HP: 29/31 MP: 2/2
   787 | D:2      | Noticed Terence
   800 | D:2      | Killed Terence
   801 | D:2      | Reached skill level 6 in Axes
   801 | D:2      | Reached XP level 4. HP: 39/39 MP: 3/3
   820 | D:2      | Reached ** piety under Trog
  1328 | D:3      | Reached XP level 5. HP: 37/45 MP: 4/4
  1404 | D:3      | Reached skill level 7 in Axes
  1449 | D:3      | Found an iron altar of Okawaru.
  1557 | D:3      | Found a sparkling altar of Nemelex Xobeh.
  2151 | D:4      | Reached skill level 8 in Axes
  2289 | D:4      | Reached XP level 6. HP: 47/51 MP: 5/5
  2324 | D:4      | Found a staircase to the Ecumenical Temple.
  2555 | D:4      | Found a radiant altar of Vehumet.
  2574 | D:4      | Reached skill level 9 in Axes
  2758 | D:5      | Entered Level 5 of the Dungeon
  2758 | D:5      | Noticed a water moccasin
  2773 | D:5      | Killed a water moccasin
  2774 | D:5      | Reached XP level 7. HP: 53/57 MP: 6/6
  2964 | D:5      | Reached skill level 10 in Axes
  3224 | D:5      | Reached *** piety under Trog
  3225 | D:5      | Reached skill level 11 in Axes
  3445 | D:5      | Found a burning altar of Makhleb.
  3602 | D:6      | Reached XP level 8. HP: 64/64 MP: 7/7
  3611 | D:6      | Reached skill level 12 in Axes
  3724 | D:6      | Found a broken altar of Ashenzari.
  4058 | D:6      | Reached skill level 13 in Axes
  4335 | D:6      | Found a shimmering altar of Xom.
  4335 | D:6      | Found an ancient bone altar of Kikubaaqudgha.
  4660 | D:7      | Found an opulent altar of Gozag.
  4712 | D:7      | Reached skill level 14 in Axes
  4712 | D:7      | Reached XP level 9. HP: 70/70 MP: 8/8
  4814 | D:7      | Found a bloodstained altar of Trog.
  5022 | D:7      | Reached skill level 15 in Axes
  5047 | D:7      | Reached **** piety under Trog
  5349 | D:7      | Reached skill level 16 in Axes
  5377 | D:7      | Found Noth's Distillery.
  5380 | D:7      | Bought a potion of lignification for 42 gold pieces
  5380 | D:7      | Bought a potion of degeneration for 14 gold pieces
  5380 | D:7      | Bought a potion of haste for 140 gold pieces
  5380 | D:7      | Bought a potion of berserk rage for 70 gold pieces
  5380 | D:7      | Bought a potion of magic for 112 gold pieces
  5491 | D:8      | Noticed a seven-headed hydra
  5491 | D:8      | Noticed a centaur warrior
  5711 | D:8      | a shapeshifter changed into a yaktaur
  5711 | D:8      | Noticed a yaktaur (shapeshifter)
  5719 | D:8      | a yaktaur changed into a manticore
  5719 | D:8      | Noticed a manticore (shapeshifter)
  5721 | D:8      | a manticore changed into a dream sheep
  5723 | D:8      | Reached skill level 5 in Armour
  5806 | D:9      | Reached XP level 10. HP: 77/77 MP: 3/9
  6064 | D:9      | Found Wakhilach's Antique Weapon Shoppe.
  6197 | D:8      | Noticed Grum
  6214 | D:8      | Killed Grum
  6272 | D:8      | Identified the +1 leather armour of the Barracuda {*Slow
                  | +Blink rN+++}
  6393 | D:8      | Killed a centaur warrior
  6394 | D:8      | Reached skill level 10 in Armour
  6394 | D:8      | Reached skill level 5 in Fighting
  6437 | D:8      | HP: 5/81 [meliai/divine providence (13)]
  6439 | D:8      | Found a sacrificial altar of Ru.
  6691 | D:8      | Found a hazy altar of Hepliaklqana.
  6838 | D:8      | Killed a nine-headed hydra
  7461 | D:9      | Noticed a death yak
  7470 | D:10     | Entered Level 10 of the Dungeon
  7512 | D:10     | Noticed a two-headed ogre
  7528 | D:10     | Killed a two-headed ogre
  7529 | D:10     | Reached XP level 11. HP: 90/97 MP: 3/10
  7569 | D:10     | Found a shadowy altar of Dithmenos.
  7595 | D:10     | Reached skill level 10 in Fighting
  7666 | D:10     | Found a stormy altar of Qazlal.
  7834 | D:10     | Reached skill level 1 in Ranged Weapons
  8354 | D:9      | Found a staircase to the Lair.
  8354 | D:9      | Noticed a death yak
  8356 | D:9      | Noticed a death yak
  8356 | D:9      | Noticed a death yak
  8366 | D:9      | Killed a death yak
  8367 | D:9      | Reached skill level 5 in Ranged Weapons
  8376 | D:9      | Killed a death yak
  8382 | D:9      | Killed a death yak
  8388 | D:9      | Killed a death yak
  8922 | D:11     | Noticed an orc sorcerer
  8924 | D:11     | Reached ***** piety under Trog
  8929 | D:11     | Killed an orc sorcerer
  8934 | D:11     | Found a staircase to the Orcish Mines.
  9223 | D:11     | Reached skill level 17 in Axes
  9223 | D:11     | Reached XP level 12. HP: 106/106 MP: 11/11
  9478 | D:11     | Noticed a two-headed ogre
  9494 | D:11     | Killed a two-headed ogre
  9581 | D:11     | Noticed a two-headed ogre
  9592 | D:11     | Killed a two-headed ogre
  9984 | D:11     | Identified the +13 executioner's axe "Ruudodem" {antimagic,
                  | rPois rN+++ Dex+5 Stlth-} (Trog gifted it to you on level
                  | 11 of the Dungeon)
  9984 | D:11     | Received a gift from Trog
 10055 | D:11     | Reached skill level 1 in Throwing
 10679 | D:12     | Noticed a centaur warrior
 10686 | D:12     | Killed a centaur warrior
 10695 | D:12     | Reached skill level 18 in Axes
 10995 | D:12     | Noticed a boulder beetle
 11004 | D:12     | Killed a boulder beetle
 11220 | D:12     | Identified the +1 long sword of Interdependent Arising
                  | {flame, rF++}
 11228 | D:12     | Found Unenwano's Armour Boutique.
 11228 | D:12     | Noticed a two-headed ogre
 11232 | D:12     | Killed a two-headed ogre
 11234 | D:12     | Noticed a seven-headed hydra
 11241 | D:12     | Killed a seven-headed hydra
 11249 | D:12     | Bought a +2 pair of boots for 181 gold pieces
 11578 | D:13     | Noticed a boulder beetle
 11584 | D:13     | Reached skill level 5 in Throwing
 11591 | D:13     | Killed a boulder beetle
 11782 | D:13     | Reached skill level 19 in Axes
 11783 | D:13     | Noticed a centaur warrior
 11796 | D:13     | Killed a centaur warrior
 11797 | D:13     | Reached XP level 13. HP: 32/113 MP: 4/12
 12788 | D:14     | Reached skill level 20 in Axes
 12790 | D:14     | Noticed Nessos
 12802 | D:14     | Killed Nessos
 13292 | D:14     | Noticed a fire dragon
 13301 | D:14     | Killed a fire dragon
 13389 | D:14     | Found a gate to the Vaults.
 13426 | D:14     | Reached skill level 21 in Axes
 13859 | D:14     | Reached skill level 22 in Axes
 13994 | D:14     | Found a burning altar of Makhleb.
 14025 | D:15     | Entered Level 15 of the Dungeon
 14120 | D:15     | Noticed an ettin
 14483 | Orc:1    | Entered Level 1 of the Orcish Mines
 14685 | Orc:1    | Noticed an ettin
 14685 | Orc:1    | Noticed Faerphill's ghost (journeyman DgCj)
 14689 | Orc:1    | Found a bloodstained altar of Trog.
 14699 | Orc:1    | Found a transporter.
 14705 | Orc:1    | Found a transporter.
 14753 | Orc:1    | Found Qoczef's Vocational Training.
 14950 | Lair:1   | Entered Level 1 of the Lair of Beasts
 14975 | Lair:1   | Reached XP level 14. HP: 99/121 MP: 4/13
 15148 | Lair:1   | Noticed Sonja
 15152 | Abyss:1  | Cast into level 1 of the Abyss (Sonja)
 15186 | Abyss:1  | Identified the +11 battleaxe of Extermination {antimagic,
                  | rPois rN+ Dex+5} (Trog gifted it to you on level 1 of the
                  | Abyss)
 15186 | Abyss:1  | Received a gift from Trog
 15214 | Abyss:1  | Noticed a quicksilver dragon
 15227 | Abyss:1  | HP: 3/121 [quicksilver dragon/bolt of dispelling energy
                  | (14)]
 15230 | Abyss:1  | Killed a quicksilver dragon
 15264 | Abyss:1  | Reached skill level 23 in Axes
 15613 | Abyss:1  | Noticed a bone dragon
 15630 | Abyss:1  | Killed a bone dragon
 15708 | Abyss:1  | Noticed a balrug
 15710 | Abyss:1  | Slain by a balrug

Table legend: (Time is in decaauts)
 A = Elapsed time spent in this place.
 B = Non-inter-level travel time spent in this place.
 C = Inter-level travel time spent in this place.
 D = Time resting spent in this place.
 E = Time spent auto-exploring this place.
 F = Levels seen in this place.
 G = Mean time per level.
                   A        B        C        D        E       F      G
               +--------+--------+--------+--------+--------+-----+--------+
         Total |  15497 |  14780 |    717 |   3682 |   8882 |  18 |  860.9 |
       Dungeon |  14376 |  13682 |    694 |   3307 |   8371 |  15 |  958.4 |
          Lair |    200 |    200 |      0 |      0 |    175 |   1 |  200.0 |
  Orcish Mines |    383 |    361 |     22 |     94 |    210 |   1 |  383.0 |
         Abyss |    537 |    537 |      0 |    281 |    126 |   1 |  537.0 |
               +--------+--------+--------+--------+--------+-----+--------+

Top non-repeatable levels by time:
    D:11: 1746 daAuts
    D:14: 1498 daAuts
    D:13: 1331 daAuts
     D:8: 1237 daAuts
     D:7: 1144 daAuts
     D:9: 981 daAuts
    D:12: 922 daAuts
     D:4: 921 daAuts
    D:10: 899 daAuts
     D:6: 877 daAuts
     D:3: 753 daAuts
     D:5: 698 daAuts
     D:2: 684 daAuts
     D:1: 572 daAuts
 Abyss:1: 537 daAuts

Table legend:
 A = Kills in this place as a percentage of kills in entire the game.
 B = Kills by you in this place as a percentage of kills by you in the entire game.
 C = Kills by friends in this place as a percentage of kills by friends in the entire game.
 D = Other kills in this place as a percentage of other kills in the entire game.
 E = Experience gained in this place as a percentage of experience gained in the entire game.
 F = Experience gained in this place divided by the number of levels of this place that you have seen.
                   A       B       C       D       E      F
               +-------+-------+-------+-------+-------+----------------------
         Total | 100.0 | 100.0 | 100.0 |   N/A | 100.0 | 4255.3
       Dungeon |  86.0 |  86.1 |  80.0 |   N/A |  80.6 | 4114.8
          Lair |   2.1 |   2.1 |   0.0 |   N/A |   1.8 | 1378.0
  Orcish Mines |   6.5 |   6.6 |   0.0 |   N/A |   2.3 | 1793.0
         Abyss |   5.4 |   5.2 |  20.0 |   N/A |  15.3 | 11703.0
               +-------+-------+-------+-------+-------+----------------------

Action                   |  1- 3 |  4- 6 |  7- 9 | 10-12 | 13-15 || total
-------------------------+-------+-------+-------+-------+-------++-------
Melee: Hand axe          |    59 |   128 |   163 |       |       ||   350
       Headbutt          |     8 |    21 |    64 |   106 |    53 ||   252
       Punch             |     1 |     1 |     6 |     8 |       ||    16
       War axe           |       |       |   137 |   357 |       ||   494
       Executioner's axe |       |       |       |    95 |   246 ||   341
 Fire: Shortbow          |       |       |       |    23 |     8 ||    31
       Arbalest          |       |       |       |    14 |       ||    14
Throw: Throwing net      |       |       |       |       |     3 ||     3
Invok: Berserk           |       |     3 |     3 |     2 |     1 ||     9
       Trog's Hand       |       |       |     4 |     4 |     3 ||    11
       Brothers in Arms  |       |       |       |     4 |     3 ||     7
Evoke: Wand              |       |       |       |     4 |       ||     4
  Use: Scroll            |     3 |     3 |     2 |     9 |     1 ||    18
       Potion            |       |       |       |     5 |     5 ||    10
Armor: Pearl dragon scal |    26 |    57 |    90 |   226 |   133 ||   532
Dodge: Dodged            |    36 |    51 |    99 |   191 |   105 ||   482
Block: Other             |       |    15 |    48 |    99 |    52 ||   214
       Reflection        |       |     1 |     1 |     7 |    10 ||    19

Vanquished Creatures
  A bone dragon (Abyss:1)
  A fire dragon (D:14)
  A hydra (D:8)
  4 boulder beetles
  6 centaur warriors
  A tengu warrior (D:14)
  4 two-headed ogres
  3 death yaks (D:9)
  A thrashing horror (Abyss:1)
  3 sun demons (Abyss:1)
  2 wretched stars (Abyss:1)
  5 skeletal warriors (D:13)
  2 large abominations (Abyss:1)
  A deep troll (D:14)
  2 wizards
  4 deep elf pyromancers
  13 ugly things (D:14)
  2 orc sorcerers
  A manticore (D:14)
  A cyclops (D:15)
  A black mamba (shapeshifter) (D:13)
  A smoke demon (Abyss:1)
  A gargoyle (D:11)
  An unseen horror (D:9)
  An unseen horror (shapeshifter) (D:14)
  A kobold demonologist (D:12)
  A freezing wraith (D:14)
  An ancient zyme (Abyss:1)
  A tengu conjurer (D:14)
  A red devil (Abyss:1)
  4 trolls
  A hornet (D:11)
  A polar bear (D:11)
  5 slime creatures (D:14)
  A dream sheep (shapeshifter) (D:8)
  A vampire (D:10)
  4 shadows (D:11)
  3 centaur simulacra (D:11)
  26 yaks
  3 ynoxinuls (Abyss:1)
  2 wraiths
  A wyvern (D:7)
  A basilisk (D:13)
  Grum (D:8)
  14 vampire mosquitoes
  A redback (shapeshifter) (D:14)
  A steam dragon (D:6)
  A water moccasin (D:5)
  3 acid dragons
  2 sky beasts
  13 orc warriors
  5 ice beasts
  8 ogres
  7 centaurs
  12 wolves
  3 small abominations (Abyss:1)
  2 phantoms (D:5)
  3 kobold brigands
  5 bullfrogs
  2 necrophages
  3 scorpions
  4 wights
  4 killer bees (D:9)
  2 troll zombies (D:11)
  2 electric eels (D:11)
  2 howler monkeys
  A crimson imp (Abyss:1)
  2 iron imps (Abyss:1)
  2 jellies
  8 orc priests
  4 hounds
  Terence (D:2)
  A gnoll bouda (D:8)
  5 iguanas
  16 orc wizards
  4 ogre zombies (D:11)
  5 adders
  7 gnolls
  2 shadow imps
  A white imp (D:11)
  2 ufetubi
  3 worms
  4 dart slugs
  60 orcs
  9 bats
  4 endoplasms
  2 giant cockroaches (D:4)
  8 hobgoblins
  4 jackals (D:1)
  13 kobolds
  3 quokkas
  2 ball pythons
  2 frilled lizards
  5 goblins
  A goblin skeleton (D:11)
  4 goblin zombies (D:11)
  4 hobgoblin zombies (D:11)
  An orc skeleton (D:11)
  9 orc zombies (D:11)
  3 rats
423 creatures vanquished.

Vanquished Creatures (collateral kills)
  A quicksilver dragon (Abyss:1)
  Nessos (D:14)
  A hydra (D:12)
  A death yak (D:9)
  A meliai (D:8)
5 creatures vanquished.

Grand Total: 428 creatures vanquished
